 Dungeon Crawl Stone Soup version 0.14-a0-1192-g192f278 (webtiles) character file.

198 Psiweapon the Sneak (level 5, -1/45 HPs)
             Began as a Naga Warper on Dec 1, 2013.
             Slain by an iguana (10 damage)
             ... on Level 4 of the Dungeon.
             The game lasted 00:15:15 (3041 turns).

Psiweapon the Sneak (Naga Warper)                   Turns: 3041, Time: 00:15:15

HP  -1/45        AC  4     Str 14      XL: 5   Next:  3%
MP   7/7         EV  9     Int 13      God:
Gold 79          SH  0     Dex 11      Spells:  2 memorised,  5 levels left

rFire  + . .     SeeInvis +     a - +1,+0 short sword
rCold  . . .     Clarity  .     b - +0 leather armour
rNeg   . . .     Conserve +     (no shield)
rPois  +         rCorr    .     (no helmet)
rElec  .         rRot     .     y - +0 cloak
SustAb . .       Spirit   .     (no gloves)
rMut   .         Warding  .     (no barding)
Saprov . . .     Stasis   .     o - amulet of conservation
                                (no ring)
                                K - ring of protection from fire

@: short of breath, very slow, slightly resistant to hostile enchantments, quite
stealthy
A: spit poison, see invisible, deformed body, poison resistance, slowness 2, AC
+1
a: Spit Poison


You were on level 4 of the Dungeon.
You were not hungry.

You visited 1 branch of the dungeon, and saw 4 of its levels.

You collected 79 gold pieces.

Inventory:

Hand weapons
 a - a +1,+0 short sword (weapon)
 x - a +3,+2 quarterstaff of chaos
 G - a +0 blowgun
Missiles
 e - 31 darts (quivered)
 f - 10 darts of dispersal
 j - 4 darts of flame
 m - 16 sling bullets
 F - 19 poisoned needles
Armour
 b - a +0 leather armour (worn)
 y - a +0 cloak (worn)
 C - a +0 buckler
Magical devices
 w - a wand of flame (14)
 B - a wand of hasting (4)
Comestibles
 g - 3 bread rations
 n - a rambutan
 D - an apple
Scrolls
 d - a scroll of blinking
 k - a scroll of enchant weapon I
 p - 2 scrolls of remove curse
 q - a scroll of curse armour {unknown}
 r - a scroll of curse jewellery {unknown}
 s - 4 scrolls of teleportation
 H - a scroll of recharging {unknown}
 J - 2 scrolls of magic mapping
Jewellery
 o - an amulet of conservation (around neck)
 K - a ring of protection from fire (left hand)
Potions
 h - 6 potions of curing
 i - 3 potions of heal wounds {unknown}
 l - 2 potions of speed {unknown}
 u - a potion of agility {unknown}
 v - a potion of might {unknown}
 A - 2 potions of magic {unknown}
 I - a potion of poison {unknown}
Books
 c - a book of Spatial Translocations

   Spells                             Type                      Level
   *Apportation                       Translocation                1
   Portal Projectile                  Translocation                2
   *Blink                             Translocation                2
   Shroud of Golubria                 Charms/Translocation         2
   Teleport Other                     Translocation                3
   Passage of Golubria                Translocation                4
 z - a book of Annihilations {highlevel}

   This book is beyond your current level of understanding.

   Spells                             Type                      Level
   Poison Arrow                       Conjuration/Poison           6
   Chain Lightning                    Conjuration/Air              8
   Lehudib's Crystal Spear            Conjuration/Earth            8
   Ice Storm                          Conjuration/Ice              9
   Fire Storm                         Conjuration/Fire             9


   Skills:
 - Level 2.0 Fighting
 - Level 2.0 Short Blades
 - Level 1.2 Throwing
 - Level 1.0 Armour
 - Level 2.0 Dodging
 + Level 5.7 Stealth
   Level 0.1 Shields
 - Level 2.0 Spellcasting
 + Level 3.3 Translocations


You had 5 spell levels left.
You knew the following spells:

 Your Spells              Type           Power        Failure   Level  Hunger
a - Apportation           Tloc           #.........   10%         1    ##.....
b - Blink                 Tloc           N/A          12%         2    ###....


Dungeon Overview and Level Annotations

Branches:
Dungeon (4/16)
 Temple: D:4-7

Altars:


Innate Abilities, Weirdness & Mutations

You cannot wear boots.
You can spit poison.
Your serpentine skin is tough (AC +1).
You have supernaturally acute eyesight.
Armour fits poorly on your strangely shaped body.
Your system is resistant to poisons.
You cover ground very slowly.


Message History

The iguana is heavily wounded.
The iguana bites you!
The kobold throws a dart.
The dart misses you.
You barely miss the iguana.
The iguana is heavily wounded.
You have got your breath back.
The iguana bites you!
* * * LOW HITPOINT WARNING * * *
You hit the iguana.
The iguana is severely wounded.
The iguana bites you!
* * * LOW HITPOINT WARNING * * *
Drink which item? (? for menu, Esc to quit)
You feel better.
The iguana looks more healthy.
The iguana barely misses you.
Use which ability? (? or * to list)
Press: ? - help, Shift-Dir - straight line, f/p - iguana
Aim: an iguana (almost dead)
The splash of poison hits the iguana.
The iguana is poisoned.
The iguana is almost dead.
You feel slightly more hungry. The iguana bites you!
You die...

..................
.#...............
#...#..........#
#...#...........
###....<........ .##
###.............
....#..............
....................
.......l@...........
.......##..........
..... #.........
.... #........ ...
..K..... . .......
...... ..... .


You could see an iguana and a kobold.

Vanquished Creatures
  Crazy Yiuf (D:2)
  5 adders
  An ooze (D:1)
  5 bats
  5 giant cockroaches
  5 goblins
  3 hobgoblins
  7 kobolds
  A quokka (D:3)
  A ball python (D:1)
  3 giant geckos
  2 giant newts
  An orc skeleton (D:4)
  A quokka skeleton (D:3)
  6 rats
47 creatures vanquished.

Notes
Turn   | Place    | Note
--------------------------------------------------------------
     0 | D:1      | Psiweapon, the Naga Warper, began the quest for the Orb.
     0 | D:1      | Reached XP level 1. HP: 18/18 MP: 1/1
    56 | D:1      | Reached skill level 1 in Throwing
    80 | D:1      | Reached skill level 1 in Armour
   638 | D:1      | Reached XP level 2. HP: 25/25 MP: 3/3
   733 | D:1      | Learned a level 2 spell: Blink
  1040 | D:1      | Reached skill level 1 in Stealth
  1312 | D:2      | Reached XP level 3. HP: 28/31 MP: 4/4
  1522 | D:2      | Reached skill level 4 in Stealth
  1867 | D:2      | Noticed Crazy Yiuf
  1873 | D:2      | Killed Crazy Yiuf
  1873 | D:2      | Reached skill level 5 in Stealth
  1873 | D:2      | Reached XP level 4. HP: 26/39 MP: 0/6
  2798 | D:3      | Reached XP level 5. HP: 40/45 MP: 7/7
  2979 | D:3      | Noticed a necrophage
  3039 | D:4      | HP: 1/45 [iguana (7)]
  3041 | D:4      | Slain by an iguana

Action                   |  1- 3 |  4- 6 || total
-------------------------+-------+-------++-------
Melee: Short sword       |    77 |    46 ||   123
Throw: Dart              |     6 |     8 ||    14
 Cast: Blink             |     1 |       ||     1
 Abil: Spit Poison       |    21 |    12 ||    33
Evoke: Wand              |       |     1 ||     1
  Use: Scroll            |       |     6 ||     6
       Potion            |       |     1 ||     1
 Stab: Sleeping          |     1 |     7 ||     8
